 Dungeon Crawl Stone Soup version 0.31-a0-180-g519b7de00c (webtiles) character file.

Game seed: 116569124560437246

84 senseless the Insei (level 4, 0/36 HPs)
             Began as a Demonspawn Transmuter on June 19, 2023.
             Was a Believer of Cheibriados.
             Slain by a gnoll
             ... wielding a +0 halberd
              (8 damage)
             ... on level 3 of the Dungeon.
             The game lasted 00:06:28 (2167 turns).

senseless the Insei (Demonspawn Transmuter)         Turns: 2167, Time: 00:06:29

Health: 0/36       AC:  6    Str: 17    XL:     4   Next: 23%
Magic:  6/7        EV: 13    Int: 20    God:    Cheibriados [**....]
Gold:   91         SH:  0    Dex: 23    Spells: 5/8 levels left

rFire   . .          .
                       - Unarmed
rCold   . . .        (no shield)
rNeg    . . .        e - +3 leather armour
rPois   .            (helmet restricted)
rElec   .            (no cloak)
rCorr   .            (no gloves)
SInv    .            (no boots)
Will    +....        (no amulet)
Stlth   +++          n - ring of willpower
HPRegen 0.26/turn    (no ring)
MPRegen 0.10/turn

%: no passive effects
@: lethally poisoned (0 -> -9), very slow
A: claws 2, thin skeletal structure 1, beak, robust 1
a: Renounce Religion, Bend Time


You were on level 3 of the Dungeon.
You worshipped Cheibriados.
Cheibriados was pleased with you.
You visited 1 branch of the dungeon, and saw 3 of its levels.

You collected 147 gold pieces.
You spent 56 gold pieces at shops.

Inventory:

Armour
 a - a +1 robe
 e - a +3 leather armour (worn)
Jewellery
 n - a ring of willpower (left claw)
Scrolls
 b - a scroll of fear {unknown}
 g - a scroll of teleportation
 h - a scroll of amnesia
Potions
 c - 2 potions of brilliance {unknown}
 k - a potion of curing


   Skills:
 + Level 1.9 Fighting
 + Level 2.3 Dodging
 + Level 3.2 Unarmed Combat
 + Level 2.5 Spellcasting
 + Level 2.3 Transmutations


You had 5 spell levels left.
You knew the following spells:

 Your Spells              Type           Power      Damage    Failure   Level
a - Beastly Appendage     Tmut           24%        N/A       7%          1
b - Wereblood             Tmut           12%        N/A       11%         2

Your spell library contained the following spells:

 Spells                   Type           Power      Damage    Failure   Level
 Spider Form              Tmut/Pois      7%         N/A       32%         3
 Ice Form                 Ice/Tmut       7%         N/A       73%         4


Dungeon Overview and Level Annotations

Branches:
Dungeon (3/15)

Altars:
Cheibriados
Qazlal

Shops:
D:1 !


Innate Abilities, Weirdness & Mutations

You have very sharp fingernails.
You have a somewhat thin skeletal structure. (Dex +2, Stealth+)
You have a beak for a mouth.
You are robust. (+10% HP)


Message History

The gnoll hits you with a +0 halberd.
You barely miss the gnoll.
The gnoll is heavily wounded.
You feel sick.
The gnoll hits you from afar with a +0 spear of venom.
You are more poisoned.
The kobold hits you with a +0 dagger. The gnoll hits you with a +0 halberd.
You feel very sick. The gnoll barely misses you.
Things that are here:
a +0 mace; a +0 leather armour; an orc corpse
* * * LOW HITPOINT WARNING * * *
You feel very sick. The gnoll completely misses you.
The gnoll closely misses you. The kobold closely misses you.
Your transformation is almost over.
* * * LOW HITPOINT WARNING * * *
You feel sick.
* * * LOW HITPOINT WARNING * * *
You feel sick. The kobold hits you but does no damage.
You feel better. The kobold closely misses you.
Your primal bloodlust is almost over.
The kobold misses you. The gnoll misses you.
The kobold attacks as you move away! The kobold misses you.
The gnoll closely misses you. The kobold hits you but does no damage.
The kobold attacks as you move away! The kobold barely misses you.
You howl as the wereblood boils in your veins!
Your talons disappear.
You howl as the wereblood boils in your veins!
Your primal bloodlust has ended.
The goblin unwields a +0 trident.
The goblin wields a +0 sling.
The goblin shoots a sling bullet.
The sling bullet barely misses you.
The gnoll hits you from afar with a +0 spear of venom.
* * * LOW HITPOINT WARNING * * *
You are poisoned.
The kobold hits you with a +0 dagger.
* * * LOW HITPOINT WARNING * * *
The gnoll hits you from afar with a +0 halberd!
You die...

#......###.#.####
##...###...##<..#
#.###......#...#
###........##..#
#...........#..#
##...##..........##.#
......#...........#..
......##...[..g...##.#
.......#.......K@....#
.......##.....g..#####
........#......###
).......##.gg###
........)..###
.......##### ^....##
...# .#


You could see 3 gnolls, a goblin and a kobold.

Vanquished Creatures
  Terence (D:2)
  A worm (D:2)
  2 dart slugs
  An orc (D:3)
  4 ball pythons
  7 endoplasms
  7 giant cockroaches
  3 hobgoblins
  4 jackals (D:2)
  3 kobolds
  3 quokkas
  2 bats (D:2)
  3 frilled lizards (D:2)
  A goblin (D:2)
  5 rats
47 creatures vanquished.

Notes
Turn   | Place    | Note
-------+----------+-------------------------------------------
     0 | D:1      | senseless the Demonspawn Transmuter began the quest for the
                  | Orb.
     0 | D:1      | Reached XP level 1. HP: 15/15 MP: 3/3
   128 | D:1      | Found a faded altar of an unknown god.
   131 | D:1      | Prayed at the altar of an unknown god.
   131 | D:1      | Became a worshipper of Cheibriados the Contemplative
   131 | D:1      | Reached * piety under Cheibriados
   204 | D:1      | Gained mutation: You have sharp fingernails. [demonic
                  | ancestry]
   204 | D:1      | Reached XP level 2. HP: 18/21 MP: 3/5
   378 | D:1      | Found Aptib's Distillery.
   414 | D:1      | Bought a potion of degeneration for 14 gold pieces
   514 | D:1      | Learned a level 2 spell: Wereblood
   769 | D:1      | Bought a potion of curing for 42 gold pieces
   776 | D:2      | Found a stormy altar of Qazlal.
   779 | D:2      | Reached ** piety under Cheibriados
   927 | D:2      | Gained mutation: You have very sharp fingernails. [demonic
                  | ancestry]
   927 | D:2      | Reached XP level 3. HP: 26/26 MP: 0/6
   938 | D:2      | Reached skill level 3 in Unarmed Combat
  1264 | D:2      | Noticed Terence
  1274 | D:2      | HP: 1/26 [Terence/+0 flail (8)]
  1281 | D:2      | Killed Terence
  1282 | D:2      | Gained mutation: You have a somewhat thin skeletal
                  | structure. (Dex +2, Stealth+) [demonic ancestry]
  1282 | D:2      | Reached XP level 4. HP: 12/33 MP: 5/7
  1983 | D:2      | Learned a level 2 spell: Wereblood
  1983 | D:2      | Gained mutation: You have a beak for a mouth. [potion of
                  | mutation]
  1983 | D:2      | Gained mutation: You are robust. (+10% HP) [potion of
                  | mutation]
  2167 | D:3      | Slain by a gnoll

Illustrated notes

Levels and vault maps discovered:
D:1:      giann_bridges, layout_basic, serial_shops, shop,
          hellmonk_ecumenical_altar_inner_sanctum
D:2:      layout_loops_ring, basic_altar, nicolae_the_louvre, uniq_terence
D:3:      minmay_skewed_foursquare, layout_rooms,
          nicolae_qazlal_general_emergency, uniq_grinder

Skill      XL: |  1  2  3 |
---------------+----------+-----
Dodging        | 2 |  2.3
Transmutations | 2 |  2.3
Unarmed Combat | 3 |  3.2
Fighting       | |  1.9
Spellcasting   | |  2.5

Action                     |  1- 3 |  4- 6 || total
---------------------------+-------+-------++-------
  Melee: Unarmed           |    78 |    16 ||    94
         Kick              |    25 |     5 ||    30
         Headbutt          |     8 |     2 ||    10
         Punch             |       |     1 ||     1
   Cast: Beastly Appendage |    23 |     7 ||    30
         Wereblood         |    13 |     8 ||    21
    Use: Potion            |     2 |     2 ||     4
         Scroll            |       |     8 ||     8
   Stab: Sleeping          |       |     3 ||     3
 Armour: Robe              |     3 |       ||     3
         Leather armour    |    13 |     6 ||    19
         Skin              |     6 |       ||     6
  Dodge: Dodged            |    41 |    22 ||    63

Table legend: (Time is in decaauts)
 A = Elapsed time spent in this place.
 B = Non-inter-level travel time spent in this place.
 C = Inter-level travel time spent in this place.
 D = Time resting spent in this place.
 E = Time spent auto-exploring this place.
 F = Levels seen in this place.
 G = Mean time per level.
                   A        B        C        D        E       F      G
               +--------+--------+--------+--------+--------+-----+--------+
         Total |   2659 |   2549 |    110 |     75 |   2055 |   3 |  886.3 |
       Dungeon |   2659 |   2549 |    110 |     75 |   2055 |   3 |  886.3 |
               +--------+--------+--------+--------+--------+-----+--------+

Top non-repeatable levels by time:
     D:2: 1559 daAuts
     D:1: 956 daAuts
     D:3: 143 daAuts
